 Dungeon Sprint DCSS version 0.28-a0-1616-g050a50673c (webtiles) character file.

Game seed: 17727248256887080128

97 mhtbhm the Ruffian (level 4, 0/44 HPs)
             Began as a Ghoul Monk on Jan 22, 2022.
             Was a Believer of Makhleb.
             Slain by a two-headed ogre (20 damage)
             ... in the Dungeon (Sprint IX: "|||||||||||||||||||||||||||||").
             The game lasted 00:00:47 (135 turns).

mhtbhm the Ruffian (Ghoul Monk)                      Turns: 135, Time: 00:00:48

Health: 0/44       AC:  9    Str: 19    XL:     4   Next: 68%
Magic:  3/3        EV: 12    Int:  8    God:    Makhleb [**....]
Gold:   0          SH:  0    Dex: 11    Spells: 3/3 levels left

rFire   . . .      SeeInvis .     - Unarmed
rCold   + . .      Faith    .   (no shield)
rNeg    + + +      Spirit   .   a - +2 ring mail
rPois   ∞          Reflect  .   j - +0 helmet
rElec   .          Harm     .   (no cloak)
rCorr   .          Rampage  .   (no gloves)
Will    .....      NoTele   +   k - +0 pair of boots
Stlth   +.........              (no amulet)
HPRegen 0.00/turn               l - +3 ring of strength
MPRegen 0.08/turn               m - +3 ring of intelligence

@: inhibited regen
A: claws 1, cold resistance 1, negative energy resistance 3, inhibited
regeneration, torment resistance 2
a: Renounce Religion, Minor Destruction


You were in the Dungeon.
You worshipped Makhleb.
Makhleb was pleased with you.
You visited 1 branch

Inventory:

Armour
 a - a +2 ring mail (worn)
 j - a +0 helmet (worn)
 k - a +0 pair of boots (worn)
Jewellery
 l - a +3 ring of strength (left claw)
 m - a +3 ring of intelligence (right claw)
Wands
 i - a wand of acid (10)
Scrolls
 f - 2 scrolls of blinking
 h - 2 scrolls of amnesia
Potions
 b - 5 potions of curing
 c - 2 potions of heal wounds
 d - a potion of haste
 e - 4 potions of magic
 g - a potion of invisibility


   Skills:
 + Level 6.0 Fighting
 + Level 5.2 Dodging
 - Level 2.8 Stealth
 + Level 6.8 Unarmed Combat


You had 3 spell levels left.
You didn't know any spells.
Your spell library was empty.

Dungeon Overview and Level Annotations

Branches:
Dungeon (1/1)

Altars:
Cheibriados
Dithmenos
Elyvilon
Fedhas
Gozag
Hepliaklqana
Kikubaaqudgha
Makhleb
Nemelex Xobeh
Okawaru
Qazlal
Ru
Sif Muna
Trog
Uskayaw
Vehumet
Wu Jian
Xom
Yredelemnul
Zin
The Shining One
Beogh
Jiyva
Lugonu


Innate Abilities, Weirdness & Mutations

You thrive by killing the living.
You are immune to poison.
You have sharp fingernails.
Your flesh is cold resistant. (rC+)
You are immune to negative energy. (rN+++)
You do not regenerate when monsters are visible.
You are immune to unholy pain and torment.


Message History

m - a +3 ring of intelligence You feel stronger.
l - a +3 ring of strength (left claw)
You feel clever.
m - a +3 ring of intelligence (right claw)
You open the door.
A two-headed ogre, an orc wizard, a quokka zombie, a gnoll sergeant and 2 howler monkeys come into view.
The gnoll sergeant is wielding a +0 spear of venom.
The two-headed ogre shouts in stereo!
The orc wizard shouts!
The howler monkey howls!
The gnoll sergeant shouts!
The howler monkey hoots and howls with incredible vigour!
You hear a shout!
There is an open door to the Dungeon here.
You claw the two-headed ogre!
The two-headed ogre is lightly wounded.
The two-headed ogre completely misses you.
The two-headed ogre hits you but does no damage.
Unknown command.
You completely miss the two-headed ogre.
You claw the two-headed ogre, but do no damage.
The two-headed ogre is lightly wounded.
The two-headed ogre hits you with a +0 giant club!
The two-headed ogre closely misses you.
Unknown command.
You barely miss the two-headed ogre.
The two-headed ogre is lightly wounded.
The howler monkey hoots and howls with incredible vigour!
You hear a horrible gurgling sound!
Unknown command.
You scratch the two-headed ogre but do no damage.
The two-headed ogre is lightly wounded.
The two-headed ogre closely misses you.
The two-headed ogre hits you with a +0 giant club!
You claw the two-headed ogre!
The two-headed ogre is heavily wounded.
Unknown command.
You feel much better.
The two-headed ogre hits you with a +0 giant club!! x2
You die... ▓▓▓▓▓▓▓▓▓▓▓▓▓▓▓▓▓▓▓▓▓▓▓▓ ______'..)..[...@OhoghZ+ ▓▓▓▓▓▓▓▓▓▓▓▓▓▓▓▓▓▓▓▓▓▓▓▓

You could see a two-headed ogre, a gnoll sergeant, 2 howler monkeys, an orc wizard and a quokka zombie.

Vanquished Creatures
  2 hounds (D)
  An orc priest (D)
  A dart slug (D)
  A hobgoblin (D)
  A ball python zombie (D)
  A frilled lizard (D)
  A goblin (D)
  2 rats (D)
10 creatures vanquished.

Notes
Turn   | Place    | Note
-------+----------+-------------------------------------------
     0 | D        | mhtbhm the Ghoul Monk began the quest for the Orb.
     0 | D        | Reached XP level 1. HP: 19/19 MP: 0/0
     5 | D        | Banished a spatial maelstrom
    18 | D        | Noticed a hound
    18 | D        | Noticed an orc priest
    18 | D        | Noticed a hound
    25 | D        | Killed a hound
    26 | D        | Reached skill level 5 in Unarmed Combat
    26 | D        | Reached XP level 2. HP: 24/28 MP: 1/1
    26 | D        | Reached XP level 3. HP: 30/35 MP: 2/2
    28 | D        | Reached skill level 5 in Fighting
    37 | D        | Reached XP level 4. HP: 42/42 MP: 3/3
    41 | D        | Reached skill level 5 in Dodging
    45 | D        | Found a snail-covered altar of Cheibriados.
    45 | D        | Found a shadowy altar of Dithmenos.
    45 | D        | Found a blossoming altar of Fedhas.
    45 | D        | Found an opulent altar of Gozag.
    46 | D        | Found a hazy altar of Hepliaklqana.
    47 | D        | Found a viscous altar of Jiyva.
    48 | D        | Found an ancient bone altar of Kikubaaqudgha.
    49 | D        | Found a corrupted altar of Lugonu.
    50 | D        | Found a burning altar of Makhleb.
    51 | D        | Found a sparkling altar of Nemelex Xobeh.
    52 | D        | Found an iron altar of Okawaru.
    53 | D        | Found a stormy altar of Qazlal.
    54 | D        | Found a sacrificial altar of Ru.
    55 | D        | Found a shimmering blue altar of Sif Muna.
    56 | D        | Found a bloodstained altar of Trog.
    59 | D        | Found a hide-covered altar of Uskayaw.
    60 | D        | Became a worshipper of Makhleb the Destroyer
    60 | D        | Reached * piety under Makhleb
    60 | D        | Reached ** piety under Makhleb
    61 | D        | Found a radiant altar of Vehumet.
    62 | D        | Found an ornate altar of the Wu Jian Council.
    63 | D        | Found a shimmering altar of Xom.
    64 | D        | Found a basalt altar of Yredelemnul.
   128 | D        | Noticed a two-headed ogre
   128 | D        | Noticed a gnoll sergeant
   135 | D        | Slain by a two-headed ogre

Illustrated notes

Levels and vault maps discovered:
D:        linesprint [early_d, line_temple, items_1, d_10, items_2, lair_1,
          lair_end, items_3, orc_1, orc_end, items_4, d_15, swamp_1, shoals_1,
          snake_1, spider_1, d_20, vaults_1, items_5, swamp_end, shoals_end,
          snake_end, spider_end, vaults_end, d_27, items_6, zot_1, zot_end,
          crypt_end, forest_end, elf_end, slime_end, tomb_end, abyss_end,
          pan_hell_end]

Skill      XL: |  1  2  3  4 |
---------------+-------------+-----
Dodging        | 4 5 |  5.2
Unarmed Combat | 5 6 |  6.8
Fighting       | 4 5 6 |  6.0
Stealth        | |  2.8

Action                   |  1- 3 |  4- 6 || total
-------------------------+-------+-------++-------
Melee: Unarmed           |    24 |     9 ||    33
       Punch             |     1 |     1 ||     2
  Use: Potion            |       |     1 ||     1
Armor: Robe              |     1 |       ||     1
       Ring mail         |       |     1 ||     1
Dodge: Dodged            |    12 |     7 ||    19

Table legend: (Time is in decaauts)
 A = Elapsed time spent in this place.
 B = Non-inter-level travel time spent in this place.
 C = Inter-level travel time spent in this place.
 D = Time resting spent in this place.
 E = Time spent auto-exploring this place.
 F = Levels seen in this place.
 G = Mean time per level.
                   A        B        C        D        E       F      G
               +--------+--------+--------+--------+--------+-----+--------+
         Total |    130 |    130 |      0 |      0 |      0 |   1 |  130.0 |
       Dungeon |    130 |    130 |      0 |      0 |      0 |   1 |  130.0 |
               +--------+--------+--------+--------+--------+-----+--------+

Top non-repeatable levels by time:
       D: 130 daAuts
